[Event "Vienna Championship-C 2022"]
[Site "Vienna"]
[Date "2022.09.19"]
[Round "3.6"]
[White "Twyble, Michael S"]
[Black "Giefing, Josef"]
[Result "1/2-1/2"]
[ECO "A24"]
[WhiteElo "2245"]
[BlackElo "1771"]
[Annotator "RC"]
[PlyCount "128"]
[EventDate "2022.09.17"]
[EventType "swiss"]
[EventCountry "AUT"]
[SourceTitle "playchess.com"]
[Source "ChessBase"]
[SourceQuality "1"]
[TimeControl "5400+30"]

1. c4 Nf6 2. Nc3 g6 3. g3 Bg7 4. Bg2 O-O 5. e4 e5 6. d3 d6 7. Nge2 c6 8. O-O a5 9. Be3 Na6 10. a3 Bd7 11. Qd2 Ng4 12. Rac1 Nxe3 13. Qxe3 Nc5 14. b4 axb4 15. axb4 Nb3 16. Rb1 Nd4 17. Qd2 h5 18. Nxd4 exd4 19. Ne2 h4 20. Nf4 g5 21. Nh5 h3 22. Bh1 Bh6 23. f4 g4 24. Qb2 f6 25. f5 Be3+ 26. Rf2 Ra7 27. Nf4 Qa8 28. Kf1 Bxf2 29. Qxf2 Ra2 30. Ne2 Rd2 31. Qxd4 Rxe2 32. Kxe2 Qa2+ 33. Qb2 Ra8 34. Qxa2 Rxa2+ 35. Ke3 Rxh2 36. Kf4 Rd2 37. Kxg4 Rxd3 38. Kxh3 Rc3 39. Rd1 d5 40. cxd5 cxd5 41. Rxd5 Bc6 42. Rd6 Kf7 43. Rd4 Rb3 44. Bg2 Re3 45. Kg4 Re2 46. Bf3 Re1 47. Kf4 Ke7 48. g4 Rf1 49. Rd1 Rf2 50. Rg1 Rb2 51. g5 fxg5+ 52. Rxg5 Rxb4 53. Rg7+ Kf8 54. Rc7 Rb3 55. Bh5 Rb4 56. Rf7+ Kg8 57. Re7 Kf8 58. Re5 Kg7 59. Be8 Bxe8 60. Rxe8 Kf6 61. Rd8 b5 62. Rd6+ Ke7 63. Ke5 Rxe4+ 64. Kxe4 Kxd6 1/2-1/2

[Event "Vienna Championship-C 2022"]
[Site "Vienna"]
[Date "2022.09.19"]
[Round "3.7"]
[White "Nicolussi, Hieronymus"]
[Black "Meixner, Peter"]
[Result "1-0"]
[ECO "D00"]
[WhiteElo "1239"]
[BlackElo "1669"]
[Annotator "NA COMBH"]
[PlyCount "101"]
[EventDate "2022.09.17"]
[EventType "swiss"]
[EventCountry "AUT"]
[SourceTitle "playchess.com"]
[Source "ChessBase"]
[SourceQuality "1"]
[TimeControl "5400+30"]

1. d4 d5 2. e3 Nf6 3. Bd3 e6 4. Nd2 c5 5. c3 Bd6 6. f4 cxd4 7. cxd4 Nc6 8. Ngf3 Qe7 9. Ne5 Bd7 10. O-O O-O-O 11. a3 Rdg8 12. b4 a6 13. Nb3 Ne4 14. Qc2 f5 15. Nxc6 Bxc6 16. Bxa6 Kb8 17. Bd3 Rc8 18. Nc5 Nxc5 19. dxc5 Bc7 20. Bb2 Rhg8 21. b5 Be8 22. b6 Bxb6 23. Bd4 Bxc5 24. Rfc1 b6 25. Rab1 Bd7 26. Bxc5 Rxc5 27. Qxc5 Qxc5 28. Rxc5 Kb7 29. Rc3 Ra8 30. Bb5 Bxb5 31. Rxb5 Ra4 32. Rcb3 Ra6 33. Kf2 Kc6 34. Ke2 h6 35. Kd3 g5 36. Kd4 Ra4+ 37. R5b4 Ra6 38. Ke5 gxf4 39. exf4 d4 40. Kxd4 Kc7 41. Ke5 Kd7 42. Rxb6 Ra5+ 43. R6b5 Ra7 44. Rb7+ Rxb7 45. Rxb7+ Kc8 46. Rh7 h5 47. Kd6 e5 48. fxe5 f4 49. e6 f3 50. e7 Kb8 51. e8=R# 1-0

[Event "Vienna Championship-C 2022"]
[Site "Vienna"]
[Date "2022.09.19"]
[Round "3.8"]
[White "Schreib, Christian"]
[Black "Zikic, Goran"]
[Result "1/2-1/2"]
[ECO "C56"]
[WhiteElo "1589"]
[BlackElo "1340"]
[Annotator "NA COMBH"]
[PlyCount "33"]
[EventDate "2022.09.17"]
[EventType "swiss"]
[EventCountry "AUT"]
[SourceTitle "playchess.com"]
[Source "ChessBase"]
[SourceQuality "1"]
[TimeControl "5400+30"]

1. e4 e5 2. Nf3 d6 3. d4 exd4 4. Nxd4 Bd7 5. Bc4 Nc6 6. O-O Nf6 7. Nc3 Be7 8. Nf3 Bg4 9. Bf4 Nh5 10. Bg3 O-O 11. Be2 Nxg3 12. hxg3 Bf6 13. Nd5 Bxf3 14. Nxf6+ Qxf6 15. gxf3 Nd4 16. c3 Nxe2+ 17. Qxe2 1/2-1/2

[Event "Vienna Championship-C 2022"]
[Site "Vienna"]
[Date "2022.09.19"]
[Round "3.11"]
[White "Mair, Josef"]
[Black "Pavlov, Julian"]
[Result "0-1"]
[ECO "C30"]
[WhiteElo "1620"]
[BlackElo "1306"]
[Annotator "NA COMBH"]
[PlyCount "29"]
[EventDate "2022.09.17"]
[EventType "swiss"]
[EventCountry "AUT"]
[SourceTitle "playchess.com"]
[Source "ChessBase"]
[SourceQuality "1"]
[TimeControl "5400+30"]

1. e4 e5 2. f4 d6 3. Nf3 Nc6 4. Bc4 Nf6 5. d3 Be7 6. O-O O-O 7. c3 Be6 8. Bb5 h6 9. f5 Bd7 10. h3 a6 11. Ba4 Re8 12. g4 Nh7 13. Be3 Ng5 14. Kg2 Nxf3 15. Qxf3 0-1

[Event "Vienna Championship-C 2022"]
[Site "Vienna"]
[Date "2022.09.19"]
[Round "3.12"]
[White "Eichhorn, Elisabeth"]
[Black "Gockner, Hans"]
[Result "1-0"]
[ECO "D02"]
[WhiteElo "1306"]
[BlackElo "1592"]
[Annotator "NA COMBH"]
[PlyCount "73"]
[EventDate "2022.09.17"]
[EventType "swiss"]
[EventCountry "AUT"]
[SourceTitle "playchess.com"]
[Source "ChessBase"]
[SourceQuality "1"]
[TimeControl "5400+30"]

1. d4 d5 2. Bf4 e6 3. Nf3 Bd6 4. Bg3 Nf6 5. e3 O-O 6. Bd3 Nbd7 7. Nbd2 h6 8. c3 c5 9. Bxd6 Re8 10. h3 c4 11. Bc2 b5 12. g4 Nb6 13. Bf4 Bb7 14. Ke2 Ne4 15. Qg1 Nd7 16. h4 b4 17. Nxe4 dxe4 18. Ne5 Nxe5 19. Bxe5 b3 20. axb3 Qc8 21. b4 Qd8 22. h5 f6 23. Bg3 Qd7 24. Qg2 e5 25. dxe5 Qxg4+ 26. Ke1 Rxe5 27. Rh4 Qg5 28. Qh1 Ree8 29. Bxe4 f5 30. Bxb7 Rxe3+ 31. fxe3 Qxe3+ 32. Kf1 Qd3+ 33. Kg2 Re8 34. Re1 Rf8 35. Qf1 Qd7 36. Qxc4+ Kh7 37. Bf3 1-0

[Event "Vienna Championship-C 2022"]
[Site "Vienna"]
[Date "2022.09.19"]
[Round "3.14"]
[White "Gaspar, Zdravko"]
[Black "Niesswohl, Werner"]
[Result "1-0"]
[ECO "A47"]
[WhiteElo "1538"]
[BlackElo "1473"]
[Annotator "NA COMBH"]
[PlyCount "55"]
[EventDate "2022.09.17"]
[EventType "swiss"]
[EventCountry "AUT"]
[SourceTitle "playchess.com"]
[Source "ChessBase"]
[SourceQuality "1"]
[TimeControl "5400+30"]

1. d4 Nf6 2. Nf3 e6 3. e3 c5 4. Nbd2 Nc6 5. c3 b6 6. Bd3 Bb7 7. O-O Be7 8. Qe2 d5 9. Rd1 Qc7 10. b3 Bd6 11. Bb2 e5 12. dxe5 Nxe5 13. Nxe5 Bxe5 14. Nf3 Bd6 15. Bb5+ Bc6 16. Rac1 a6 17. Bxc6+ Qxc6 18. c4 dxc4 19. Rxc4 Be7 20. Ne5 Qb5 21. Qf3 O-O 22. Nc6 Rfe8 23. Nxe7+ Rxe7 24. Qxa8+ Re8 25. Rd8 h6 26. Bxf6 Kf8 27. Rxe8+ Qxe8 28. Bxg7+ 1-0

[Event "Vienna Championship-C 2022"]
[Site "Vienna"]
[Date "2022.09.20"]
[Round "4.1"]
[White "Brueggeboes, Anton"]
[Black "Lappe, Manfred"]
[Result "1-0"]
[ECO "C54"]
[WhiteElo "1506"]
[BlackElo "1692"]
[Annotator "NA COMBH"]
[PlyCount "35"]
[EventDate "2022.09.17"]
[EventType "swiss"]
[EventCountry "AUT"]
[SourceTitle "playchess.com"]
[Source "ChessBase"]
[SourceQuality "1"]
[TimeControl "5400+30"]

1. e4 e5 2. Nf3 Nc6 3. Bc4 Bc5 4. c3 Nf6 5. d4 exd4 6. b4 Bb6 7. e5 Ng8 8. Qb3 Qe7 9. O-O Nxe5 10. Nxe5 Qxe5 11. Bxf7+ Kf8 12. Bd2 Qf6 13. Bh5 Ne7 14. Bg5 Qe6 15. Qd1 Ng6 16. Re1 Qc6 17. b5 Qxb5 18. Qf3+ 1-0

[Event "Vienna Championship-C 2022"]
[Site "Vienna"]
[Date "2022.09.20"]
[Round "4.3"]
[White "Unger, Alexander"]
[Black "Gerold, Arnold"]
[Result "0-1"]
[ECO "B78"]
[WhiteElo "1456"]
[BlackElo "1708"]
[Annotator "NA COMBH"]
[PlyCount "48"]
[EventDate "2022.09.17"]
[EventType "swiss"]
[EventCountry "AUT"]
[SourceTitle "playchess.com"]
[Source "ChessBase"]
[SourceQuality "1"]
[TimeControl "5400+30"]

1. e4 c5 2. Nf3 d6 3. d4 cxd4 4. Nxd4 Nf6 5. Nc3 g6 6. Be3 Bg7 7. f3 Nc6 8. Bc4 Bd7 9. Qd2 O-O 10. O-O-O Qa5 11. g4 Rfc8 12. Bb3 Ne5 13. Bh6 Bxh6 14. Qxh6 Rxc3 15. bxc3 Qxc3 16. Kb1 a5 17. g5 Nh5 18. Nf5 Bxf5 19. exf5 a4 20. fxg6 hxg6 21. Bd5 Ra5 22. Bxf7+ Kxf7 23. Qh7+ Ng7 24. Rhf1 Nc4 0-1

[Event "Vienna Championship-C 2022"]
[Site "Vienna"]
[Date "2022.09.20"]
[Round "4.5"]
[White "Nicolussi, Hieronymus"]
[Black "Bendl, Felix"]
[Result "1/2-1/2"]
[ECO "A45"]
[WhiteElo "1239"]
[BlackElo "1645"]
[Annotator "NA COMBH"]
[PlyCount "72"]
[EventDate "2022.09.17"]
[EventType "swiss"]
[EventCountry "AUT"]
[SourceTitle "playchess.com"]
[Source "ChessBase"]
[SourceQuality "1"]
[TimeControl "5400+30"]

1. d4 Nf6 2. e3 b6 3. Bd3 Bb7 4. f3 d5 5. Nd2 e6 6. f4 Nbd7 7. Ngf3 c5 8. c3 Rc8 9. O-O Be7 10. Ne5 O-O 11. Rf3 Ne4 12. Rh3 f5 13. Ndf3 Nxe5 14. Nxe5 Rf6 15. Qh5 h6 16. g4 Qe8 17. Qxe8+ Rxe8 18. Bxe4 dxe4 19. g5 Rff8 20. gxh6 gxh6 21. Rxh6 Rf6 22. Rxf6 Bxf6 23. Bd2 Bxe5 24. fxe5 Rc8 25. Rc1 cxd4 26. cxd4 Rxc1+ 27. Bxc1 Kg7 28. Kg2 Kg6 29. Kg3 Kh5 30. Bd2 a5 31. a4 Bc6 32. b3 Bd5 33. b4 axb4 34. Bxb4 Bb3 35. a5 bxa5 36. Bxa5 Bd5 1/2-1/2

[Event "Vienna Championship-C 2022"]
[Site "Vienna"]
[Date "2022.09.20"]
[Round "4.6"]
[White "Giefing, Josef"]
[Black "Eichhorn, Elisabeth"]
[Result "1/2-1/2"]
[ECO "D02"]
[WhiteElo "1771"]
[BlackElo "1306"]
[Annotator "NA COMBH"]
[PlyCount "33"]
[EventDate "2022.09.17"]
[EventType "swiss"]
[EventCountry "AUT"]
[SourceTitle "playchess.com"]
[Source "ChessBase"]
[SourceQuality "1"]
[TimeControl "5400+30"]

1. d4 d5 2. Nf3 c5 3. c3 Bf5 4. Bf4 e6 5. Nbd2 Bd6 6. Bg3 Nc6 7. e3 Qe7 8. Bb5 a6 9. Qa4 Rc8 10. Bxc6+ Rxc6 11. dxc5 Bxg3 12. hxg3 e5 13. b4 Nf6 14. Rc1 O-O 15. Qb3 Rd8 16. Rh4 Ne4 17. Qb2 1/2-1/2

[Event "Vienna Championship-C 2022"]
[Site "Vienna"]
[Date "2022.09.20"]
[Round "4.8"]
[White "Zikic, Goran"]
[Black "Twyble, Michael S"]
[Result "0-1"]
[ECO "A03"]
[WhiteElo "1340"]
[BlackElo "2245"]
[Annotator "TA"]
[PlyCount "100"]
[EventDate "2022.09.17"]
[EventType "swiss"]
[EventCountry "AUT"]
[SourceTitle "playchess.com"]
[Source "ChessBase"]
[SourceQuality "1"]
[TimeControl "5400+30"]

1. f4 d5 2. Nf3 Nc6 3. e3 Bf5 4. Be2 g6 5. O-O Bg7 6. c3 {[%emt 0:00:30] A03: Bird's Opening with 1...d5.} Nf6 7. d4 O-O {[%emt 0:00:30] [#]} 8. Bd3 $146 {[%emt 0:00:30] The position is equal.} ({Predecessor:} 8. Nbd2 a6 9. Ne5 Ne4 10. g4 Bc8 11. Kg2 f6 12. Nxc6 bxc6 13. Nxe4 dxe4 14. h3 {1-0 (60) Kock,R (1653)-Stave,K (1174) Hamburg 2015}) 8... Bxd3 9. Qxd3 Na5 10. f5 Qd7 11. Ne5 Qd6 12. b4 (12. b3 $5 ) 12... Nc6 13. Nf3 (13. Nxc6 $1 $15 {was preferrable.} bxc6 14. g3) 13... Ne4 {[%emt 0:00:30] Black is more active.} (13... e5 $17 {Threatens to win with ...e4.} 14. b5 e4) 14. Ba3 Qd7 (14... gxf5 $2 15. b5 Qh6 16. bxc6 $18) 15. fxg6 fxg6 16. Nbd2 Nxd2 17. Nxd2 Rf6 18. Rxf6 Bxf6 19. Nb3 Rf8 20. Nc5 Qc8 21. Qb5 Bg5 22. Re1 Qf5 23. Qf1 {[%emt 0:00:30][%mdl 8192] [#] Inhibits Qf2+. Black continues to play with concentration.} (23. Qe2 $11) 23... Qxf1+ (23... Bxe3+ $142 $1 24. Kh1 (24. Qf2 Qxf2+) 24... Qxf1+ 25. Rxf1 Rxf1#) 24. Rxf1 $19 Bxe3+ 25. Rf2 Rxf2 26. Bc1 Re2+ 27. Kf1 {[%emt 0:00:30] [#]} Rxg2 28. Kxg2 (28. Bxe3 Rxa2) 28... Bxc1 29. Nxb7 Bb2 30. Nc5 Bxc3 31. Ne6 Nxb4 32. a3 Nc2 33. Nxc7 Bxd4 34. Nxd5 Kf7 35. a4 e5 (35... Ne3+ $142 36. Nxe3 Bxe3 37. Kh3 g5 38. Kg2 Bf4 39. h4 gxh4 40. Kf3 e5 41. Kg4 Bg3 42. Kf3 h5 43. Ke3 h3 44. Ke4 h2 45. Kd5 h1=Q+ 46. Kc4 Qb1 47. Kd5 Qb4 48. a5 Qb5+ 49. Ke4 Qb3 50. Kf5 Qe3 51. a6 Qf4#) 36. Kf3 Ke6 37. Nc7+ Kd7 38. Nd5 Kd6 39. Nf6 h6 40. Ne4+ Kd5 41. Nf6+ Kc4 42. Ng8 h5 43. Ne7 g5 {[%emt 0:00:30] ( -> ...Kd3)} 44. Ke4 Kb4 45. Kf5 Kxa4 {[%emt 0:00:30] And now ...Kb5 would win.} 46. Kxg5 Kb5 {[%emt 0:00:30] Black mates.} 47. Nd5 a5 48. Nc7+ Kc6 49. Ne6 a4 50. Nd8+ Kd7 {[%emt 0:00:30] Weighted Error Value: White=0.97/Black=0.85} 0-1

[Event "Vienna Championship-C 2022"]
[Site "Vienna"]
[Date "2022.09.20"]
[Round "4.10"]
[White "Ganahl, Herbert"]
[Black "Ruck, Helmut"]
[Result "1/2-1/2"]
[ECO "A12"]
[WhiteElo "1488"]
[BlackElo "1662"]
[Annotator "NA RC COMBH"]
[PlyCount "105"]
[EventDate "2022.09.17"]
[EventType "swiss"]
[EventCountry "AUT"]
[SourceTitle "playchess.com"]
[Source "ChessBase"]
[SourceQuality "1"]
[TimeControl "5400+30"]

1. Nf3 Nf6 2. g3 d5 3. d4 Bf5 4. Bg2 h6 5. O-O e6 6. Nbd2 Be7 7. c4 c6 8. b3 Nbd7 9. Bb2 O-O 10. Re1 Ne4 11. Nxe4 Bxe4 12. Rc1 Nf6 13. e3 Rc8 14. Qe2 a6 15. Nd2 Bxg2 16. Kxg2 Bb4 17. Bc3 Qa5 18. Bxb4 Qxb4 19. Rc2 Rfe8 20. Rec1 Qe7 21. Nf3 Qd6 22. c5 Qd8 23. b4 Nd7 24. Ne5 Nxe5 25. dxe5 Qe7 26. a3 Red8 27. Rd1 Rd7 28. Rcd2 Rcd8 29. h3 f6 30. exf6 Qxf6 31. f4 e5 32. Qg4 exf4 33. exf4 Re7 34. Re2 Rde8 35. Rde1 Re4 36. Rxe4 dxe4 37. Re3 Qd4 38. Qe2 Kf7 39. g4 g6 40. h4 Qd5 41. Kh3 Qd4 42. Kg3 Re6 43. Kh3 Kf6 44. Kg3 h5 45. Kh3 hxg4+ 46. Kxg4 Qd5 47. Kg3 Qf5 48. Qg4 Re7 49. Qe2 Qd5 50. Qb2+ Kf7 51. Qe2 Kf6 52. Qb2+ Kf7 53. Qe2 1/2-1/2

[Event "Vienna Championship-C 2022"]
[Site "Vienna"]
[Date "2022.09.20"]
[Round "4.11"]
[White "Meixner, Peter"]
[Black "Aichinger, Johannes"]
[Result "1-0"]
[ECO "D53"]
[WhiteElo "1669"]
[BlackElo "1169"]
[Annotator "NA COMBH"]
[PlyCount "71"]
[EventDate "2022.09.17"]
[EventType "swiss"]
[EventCountry "AUT"]
[SourceTitle "playchess.com"]
[Source "ChessBase"]
[SourceQuality "1"]
[TimeControl "5400+30"]

1. d4 Nf6 2. c4 e6 3. Nc3 d5 4. Bg5 Be7 5. e3 Ne4 6. Bxe7 Nxc3 7. Bxd8 Nxd1 8. Rxd1 Kxd8 9. Nf3 Nd7 10. Bd3 Nf6 11. Ne5 Ke7 12. O-O Nd7 13. Nf3 c6 14. c5 b6 15. b4 b5 16. Ra1 f6 17. a4 e5 18. Be2 e4 19. Nd2 a6 20. axb5 cxb5 21. Bxb5 Rb8 22. Bxd7 Bxd7 23. Rfb1 Bb5 24. Rb2 Bd3 25. Nb1 Rb7 26. Nc3 Rhb8 27. Nxd5+ Ke6 28. Nb6 Bb5 29. f4 f5 30. d5+ Ke7 31. Kf2 Rxb6 32. cxb6 Rxb6 33. Rc1 Kd7 34. Rbc2 Rb7 35. Rc6 Bxc6 36. dxc6+ 1-0

[Event "Vienna Championship-C 2022"]
[Site "Vienna"]
[Date "2022.09.20"]
[Round "4.12"]
[White "Gockner, Hans"]
[Black "Johnson, Roland E S"]
[Result "0-1"]
[ECO "C42"]
[WhiteElo "1592"]
[BlackElo "1691"]
[Annotator "NA COMBH"]
[PlyCount "90"]
[EventDate "2022.09.17"]
[EventType "swiss"]
[EventCountry "AUT"]
[SourceTitle "playchess.com"]
[Source "ChessBase"]
[SourceQuality "1"]
[TimeControl "5400+30"]

1. e4 e5 2. Nf3 Nf6 3. Nxe5 Qe7 4. d4 d6 5. Nd3 Qxe4+ 6. Be3 Nd5 7. Nd2 Nxe3 8. fxe3 Qxe3+ 9. Be2 Bg4 10. Nf2 Bxe2 11. Qxe2 Qxe2+ 12. Kxe2 Be7 13. Rhe1 O-O 14. Kf1 Bf6 15. c3 Nc6 16. Nde4 Be7 17. Ng3 Bh4 18. Nf5 Bxf2 19. Kxf2 Rfe8 20. Rf1 Re4 21. Kg1 Re2 22. Rab1 g6 23. Nh6+ Kg7 24. Nxf7 Rf8 25. Ng5 h6 26. Nf3 Na5 27. b4 Nc4 28. Rfe1 Rxa2 29. d5 Nd2 30. Re7+ Rf7 31. Rxf7+ Kxf7 32. Nxd2 Rxd2 33. Ra1 a6 34. Rf1+ Ke7 35. Re1+ Kd8 36. c4 Rc2 37. Re6 Rxc4 38. Rxg6 Rxb4 39. Rg8+ Kd7 40. Rg7+ Ke8 41. Rxc7 a5 42. Rh7 a4 43. Rxh6 a3 44. Re6+ Kd7 45. Re2 Rb2 0-1

[Event "Vienna Championship-C 2022"]
[Site "Vienna"]
[Date "2022.09.20"]
[Round "4.13"]
[White "Niesswohl, Werner"]
[Black "Mair, Josef"]
[Result "0-1"]
[ECO "A40"]
[WhiteElo "1473"]
[BlackElo "1620"]
[Annotator "NA COMBH"]
[PlyCount "78"]
[EventDate "2022.09.17"]
[EventType "swiss"]
[EventCountry "AUT"]
[SourceTitle "playchess.com"]
[Source "ChessBase"]
[SourceQuality "1"]
[TimeControl "5400+30"]

1. d4 e5 2. dxe5 Nc6 3. Nf3 Qe7 4. Bg5 Qb4+ 5. Nbd2 Qxb2 6. Qb1 Qc3 7. Qc1 Nxe5 8. Nxe5 Qxe5 9. Nc4 Bb4+ 10. Bd2 Bxd2+ 11. Nxd2 Nf6 12. Rb1 O-O 13. Nf3 Qa5+ 14. c3 Qxa2 15. Ra1 Qe6 16. Nd4 Qb6 17. e3 c6 18. Be2 d5 19. O-O Re8 20. Rb1 Qc7 21. h3 h6 22. c4 dxc4 23. Qxc4 Be6 24. Qc2 c5 25. Nxe6 Rxe6 26. Bc4 Re7 27. Rfd1 a6 28. Ra1 Ree8 29. Bd3 b5 30. Bf5 a5 31. Rd4 Qe5 32. Rdd1 c4 33. Rd4 b4 34. Re1 b3 35. f4 Qb5 36. Qb1 a4 37. Rc1 a3 38. Rdxc4 a2 39. Rc5 axb1=Q 0-1

[Event "Vienna Championship-C 2022"]
[Site "Vienna"]
[Date "2022.09.21"]
[Round "5.2"]
[White "Lappe, Manfred"]
[Black "Roehrbacher, Franz"]
[Result "1-0"]
[ECO "B20"]
[WhiteElo "1692"]
[BlackElo "1673"]
[Annotator "NA RC COMBH"]
[PlyCount "53"]
[EventDate "2022.09.17"]
[EventType "swiss"]
[EventCountry "AUT"]
[SourceTitle "playchess.com"]
[Source "ChessBase"]
[SourceQuality "1"]
[TimeControl "5400+30"]

1. e4 c5 2. Bc4 e6 3. Nc3 d6 4. d3 Be7 5. Nge2 Nf6 6. O-O O-O 7. a4 Nc6 8. Bf4 d5 9. exd5 exd5 10. Bb3 a6 11. Bg5 c4 12. dxc4 d4 13. Bxf6 dxc3 14. Bxc3 Qc7 15. Ng3 g6 16. Ne4 Ne5 17. f4 Bf5 18. Bxe5 Qc6 19. Nc3 Bc5+ 20. Bd4 Rfd8 21. Nd5 Be4 22. c3 b5 23. axb5 axb5 24. Rxa8 Rxa8 25. Bxc5 Qxc5+ 26. Qd4 Qxd4+ 27. cxd4 1-0

[Event "Vienna Championship-C 2022"]
[Site "Vienna"]
[Date "2022.09.21"]
[Round "5.3"]
[White "Geyer, Guenter"]
[Black "Gerold, Arnold"]
[Result "1/2-1/2"]
[ECO "A41"]
[WhiteElo "1855"]
[BlackElo "1708"]
[Annotator "NA COMBH"]
[PlyCount "29"]
[EventDate "2022.09.17"]
[EventType "swiss"]
[EventCountry "AUT"]
[SourceTitle "playchess.com"]
[Source "ChessBase"]
[SourceQuality "1"]
[TimeControl "5400+30"]

1. d4 d6 2. Nf3 c6 3. c3 Bg4 4. e4 Nd7 5. Bd3 e5 6. Qb3 Qc7 7. Nbd2 Ngf6 8. h3 Bh5 9. O-O Be7 10. Re1 O-O 11. g4 Bg6 12. Qc2 Rfe8 13. Nf1 Nf8 14. Ng3 Ne6 15. Nf5 1/2-1/2

[Event "Vienna Championship-C 2022"]
[Site "Vienna"]
[Date "2022.09.21"]
[Round "5.6"]
[White "Johnson, Roland E S"]
[Black "Giefing, Josef"]
[Result "0-1"]
[ECO "C01"]
[WhiteElo "1691"]
[BlackElo "1771"]
[Annotator "NA COMBH"]
[PlyCount "88"]
[EventDate "2022.09.17"]
[EventType "swiss"]
[EventCountry "AUT"]
[SourceTitle "playchess.com"]
[Source "ChessBase"]
[SourceQuality "1"]
[TimeControl "5400+30"]

1. e4 e6 2. d4 d5 3. exd5 exd5 4. Nf3 Bd6 5. Be2 Ne7 6. O-O O-O 7. Bg5 f6 8. Bh4 Nf5 9. Bg3 Nxg3 10. fxg3 c5 11. c3 Nc6 12. Nbd2 Qb6 13. Qb3 c4 14. Qxb6 axb6 15. Nh4 Ne7 16. Bd1 g5 17. Nhf3 Nf5 18. Re1 Bd7 19. Bc2 Rfe8 20. Rxe8+ Rxe8 21. Re1 Rxe1+ 22. Nxe1 g4 23. Kf2 b5 24. Bd1 h5 25. Nc2 Kg7 26. Ne3 Ne7 27. h3 f5 28. hxg4 hxg4 29. Bc2 Kf6 30. b3 Kg5 31. b4 f4 32. gxf4+ Bxf4 33. g3 Bxe3+ 34. Kxe3 Bf5 35. Bd1 Bd3 36. a4 Nf5+ 37. Kf2 Nd6 38. a5 Kf5 39. Nf1 Ne4+ 40. Kg1 Bxf1 41. Kxf1 Nxc3 42. Bc2+ Kg5 43. Kf2 Na2 44. Ke3 Nxb4 0-1

[Event "Vienna Championship-C 2022"]
[Site "Vienna"]
[Date "2022.09.21"]
[Round "5.7"]
[White "Brunner, Felix"]
[Black "Unger, Alexander"]
[Result "0-1"]
[ECO "B90"]
[WhiteElo "1541"]
[BlackElo "1456"]
[Annotator "NA RC COMBH"]
[PlyCount "84"]
[EventDate "2022.09.17"]
[EventType "swiss"]
[EventCountry "AUT"]
[SourceTitle "playchess.com"]
[Source "ChessBase"]
[SourceQuality "1"]
[TimeControl "5400+30"]

1. e4 c5 2. Nf3 d6 3. d4 cxd4 4. Nxd4 Nf6 5. Nc3 a6 6. Rg1 h5 7. Be3 e6 8. h3 d5 9. exd5 Nxd5 10. Nxd5 Qxd5 11. Qd2 Bd7 12. g4 Bc5 13. Bg2 Qd6 14. O-O-O Nc6 15. Kb1 Nxd4 16. Bxd4 Bxd4 17. Qxd4 Qxd4 18. Rxd4 O-O-O 19. Rgd1 hxg4 20. hxg4 Bc6 21. Rxd8+ Rxd8 22. Rxd8+ Kxd8 23. Bxc6 bxc6 24. c4 c5 25. Kc2 Ke7 26. Kd3 f5 27. gxf5 exf5 28. f4 a5 29. Ke3 Kf6 30. b3 g5 31. fxg5+ Kxg5 32. a3 Kf6 33. Kf4 Ke6 34. Kf3 Ke5 35. Ke3 f4+ 36. Kf3 Kf5 37. Kf2 Ke4 38. Ke2 f3+ 39. Kf2 Kf4 40. b4 axb4 41. axb4 cxb4 42. c5 b3 0-1

[Event "Vienna Championship-C 2022"]
[Site "Vienna"]
[Date "2022.09.21"]
[Round "5.8"]
[White "Eichhorn, Elisabeth"]
[Black "Meixner, Peter"]
[Result "0-1"]
[ECO "D02"]
[WhiteElo "1306"]
[BlackElo "1669"]
[Annotator "NA RC COMBH"]
[PlyCount "78"]
[EventDate "2022.09.17"]
[EventType "swiss"]
[EventCountry "AUT"]
[SourceTitle "playchess.com"]
[Source "ChessBase"]
[SourceQuality "1"]
[TimeControl "5400+30"]

1. d4 d5 2. Nf3 Nf6 3. Bf4 e6 4. e3 c5 5. c3 Be7 6. Bd3 O-O 7. Nbd2 Nc6 8. Qe2 b6 9. Ne5 Bb7 10. h4 h6 11. h5 Nxe5 12. Bxe5 Nd7 13. Bh2 Re8 14. O-O-O Bf6 15. f4 Rc8 16. Kb1 c4 17. Bc2 b5 18. Kc1 a5 19. Rdg1 b4 20. Nb1 bxc3 21. Nxc3 Be7 22. Qf3 Bb4 23. g4 Bxc3 24. bxc3 Nf6 25. g5 hxg5 26. Rxg5 Ne4 27. Rg2 Re7 28. Bxe4 dxe4 29. Qg4 f5 30. Qg5 Rf7 31. Qg3 Qe7 32. Rhg1 Rc7 33. Qh3 Qa3+ 34. Rb2 Qxc3+ 35. Rc2 Qa3+ 36. Kd1 Bc6 37. Ke1 Ba4 38. Re2 c3 39. Kf2 c2 0-1

[Event "Vienna Championship-C 2022"]
[Site "Vienna"]
[Date "2022.09.22"]
[Round "6.1"]
[White "Brueggeboes, Anton"]
[Black "Geyer, Guenter"]
[Result "1-0"]
[ECO "C53"]
[WhiteElo "1506"]
[BlackElo "1855"]
[Annotator "NA RC COMBH"]
[PlyCount "25"]
[EventDate "2022.09.17"]
[EventType "swiss"]
[EventCountry "AUT"]
[SourceTitle "playchess.com"]
[Source "ChessBase"]
[SourceQuality "1"]
[TimeControl "5400+30"]

1. e4 Nc6 2. Nf3 e5 3. Bc4 Bc5 4. c3 h6 5. O-O d6 6. d4 exd4 7. cxd4 Bb6 8. h3 f6 9. Nh4 Nge7 10. Qh5+ Kd7 11. Qg4+ Ke8 12. Qxg7 Rf8 13. Bxh6 1-0

[Event "Vienna Championship-C 2022"]
[Site "Vienna"]
[Date "2022.09.22"]
[Round "6.3"]
[White "Gerold, Arnold"]
[Black "Meixner, Peter"]
[Result "1/2-1/2"]
[ECO "C56"]
[WhiteElo "1708"]
[BlackElo "1669"]
[Annotator "NA RC COMBH"]
[PlyCount "44"]
[EventDate "2022.09.17"]
[EventType "swiss"]
[EventCountry "AUT"]
[SourceTitle "playchess.com"]
[Source "ChessBase"]
[SourceQuality "1"]
[TimeControl "5400+30"]

1. e4 e5 2. Nf3 Nf6 3. Bc4 Nc6 4. d4 exd4 5. O-O Nxe4 6. Re1 d5 7. Bxd5 Qxd5 8. Nc3 Qa5 9. Nxe4 Be6 10. Bg5 h6 11. Bh4 Be7 12. Bxe7 Nxe7 13. Qxd4 O-O 14. Qc5 Nc6 15. Qxa5 Nxa5 16. b3 Rad8 17. Nc5 Bd5 18. Ne5 b6 19. Na6 c5 20. Nc7 Bb7 21. Rad1 Rxd1 22. Rxd1 a6 1/2-1/2

[Event "Vienna Championship-C 2022"]
[Site "Vienna"]
[Date "2022.09.22"]
[Round "6.6"]
[White "Giefing, Josef"]
[Black "Ganahl, Herbert"]
[Result "1/2-1/2"]
[ECO "A48"]
[WhiteElo "1771"]
[BlackElo "1488"]
[Annotator "NA RC COMBH"]
[PlyCount "36"]
[EventDate "2022.09.17"]
[EventType "swiss"]
[EventCountry "AUT"]
[SourceTitle "playchess.com"]
[Source "ChessBase"]
[SourceQuality "1"]
[TimeControl "5400+30"]

1. d4 d6 2. Bf4 g6 3. e3 Bg7 4. Nf3 Nf6 5. h3 Bd7 6. c4 c5 7. Nc3 cxd4 8. exd4 O-O 9. Be2 Ne8 10. O-O Bc8 11. Qb3 e6 12. Rad1 Nd7 13. Qa3 Ndf6 14. Rfe1 d5 15. c5 Bd7 16. Ne5 a6 17. Na4 Bxa4 18. Qxa4 Rc8 1/2-1/2